 Dungeon Crawl Stone Soup version 0.24-a0-250-g6074511 (webtiles) character file.

Game seed: 8066547807147326443

268 Hasart the Cutter (level 6, -1/37 HPs)
             Began as a Kobold Gladiator on Apr 14, 2019.
             Slain by Natasha (5 damage)
             ... on level 3 of the Dungeon.
             The game lasted 00:04:32 (3052 turns).

Hasart the Cutter (Kobold Gladiator)                Turns: 3052, Time: 00:04:32

Health: -1/37      AC:  6    Str: 13    XL:     6   Next: 45%
Magic:  6/6        EV: 17    Int:  9    God:
Gold:   200        SH:  0    Dex: 17    Spells: 5/5 levels left

rFire    . . .     SeeInvis .   m - +2 short sword (holy)
rCold    . . .     Gourm    .   (shield restricted)
rNeg     . . .     Faith    .   b - +0 leather armour
rPois    .         Spirit   .   c - +0 helmet
rElec    .         Reflect  .   (no cloak)
rCorr    .         Harm     .   p - +1 pair of gloves
MR       .....                  (no boots)
Stlth    ++........             (no amulet)
HPRegen  0.12/turn              (no ring)
MPRegen  0.10/turn              (no ring)

@: no status effects
A: small, carnivore
a: no special abilities


You were on level 3 of the Dungeon.
You were completely stuffed.

You visited 1 branch of the dungeon, and saw 3 of its levels.

You collected 200 gold pieces.

Inventory:

Hand Weapons
 a - a +0 rapier
 m - a +2 short sword of holy wrath (weapon)
Missiles
 d - 3 throwing nets (quivered)
Armour
 b - a +0 leather armour (worn)
 c - a +0 helmet (worn)
 p - a +1 pair of gloves (worn)
Scrolls
 e - 2 scrolls of remove curse {unknown}
 h - 2 scrolls of fog {unknown}
 i - a scroll of amnesia {unknown}
 k - 2 scrolls of fear {unknown}
 o - 4 scrolls of teleportation {unknown}
 q - a scroll of blinking {unknown}
 r - 6 scrolls of identify {unknown}
 s - a scroll of noise {unknown}
 t - a scroll of immolation {unknown}
 v - a scroll of enchant armour {unknown}
 x - a scroll of enchant weapon {unknown}
Potions
 g - a potion of degeneration {unknown}
 j - a potion of might {unknown}
 l - a potion of mutation {unknown}
 n - 2 potions of heal wounds {unknown}
 u - a potion of curing {unknown}
Comestibles
 f - 5 rations


   Skills:
 + Level 3.6 Fighting
 * Level 6.3 Short Blades
 - Level 2.1 Throwing
 + Level 4.8 Dodging
 + Level 3.6 Stealth


You had 5 spell levels left.
You didn't know any spells.
Your spell library was empty.

Dungeon Overview and Level Annotations

Branches:
Dungeon (3/15)

Altars:
Gozag
Trog

Annotations:
D:3 Natasha


Innate Abilities, Weirdness & Mutations

You are small and have problems with some larger weapons.
You are carnivorous and can eat meat at any time.


Message History

You hit the orc.
The orc is severely wounded.
The orc misses you.
You hit the orc.
You kill the orc!
You see here a +0 mace.
You start resting.
Natasha, Servant of Life and Death comes into view.
Natasha casts a spell at you. The magic dart hits you!
You closely miss Natasha. Natasha casts a spell at you.
The magic dart hits you.
* * * LOW HITPOINT WARNING * * *
You barely miss Natasha. Natasha claws you.
* * * LOW HITPOINT WARNING * * *
You puncture Natasha!
Natasha is heavily wounded.
Natasha claws you.
You die...

#....... <.. .... ....
#......# #.##.#.# .....
#......# #.##.#.# .....#
#....).####%...#.###.....##
#....)....>.........(......
#....)........##.....#...#
###...................)..#
####....................
#.......@h.........#..#
#####.#...####.##..#..#
#.#...# #.##..#..###
#.#...# #.#......... ###
###...####.###.#..### #...
#...................#
#....##.#...####.###.#..###
#.<..'.....## #.# ###..#
#....##.#..# #.# #..#


You could see Natasha.

Vanquished Creatures
  2 orc priests (D:3)
  Natasha (twice) (D:3)
  3 gnolls (D:3)
  3 adders
  An ooze (D:3)
  A worm (D:2)
  2 dart slugs
  A leopard gecko (D:3)
  7 orcs (D:3)
  A ball python (D:3)
  6 giant cockroaches
  7 goblins
  12 hobgoblins
  7 jackals (D:3)
  9 kobolds
  A quokka (D:3)
  12 bats
  3 frilled lizards (D:2)
  3 rats (D:3)
83 creatures vanquished.

Notes
Turn   | Place    | Note
-------+----------+-------------------------------------------
     0 | D:1      | Hasart the Kobold Gladiator began the quest for the Orb.
     0 | D:1      | Reached XP level 1. HP: 12/12 MP: 1/1
   367 | D:1      | Reached skill level 1 in Stealth
   367 | D:1      | Reached XP level 2. HP: 18/18 MP: 2/2
  1059 | D:1      | Reached XP level 3. HP: 22/22 MP: 3/3
  1491 | D:2      | Reached XP level 4. HP: 24/27 MP: 4/4
  1574 | D:2      | Reached skill level 5 in Short Blades
  1582 | D:2      | Found a bloodstained altar of Trog.
  1987 | D:3      | Found an opulent altar of Gozag.
  2157 | D:3      | Reached XP level 5. HP: 32/32 MP: 5/5
  2781 | D:3      | Noticed Natasha
  2790 | D:3      | Killed Natasha
  2790 | D:3      | Reached skill level 6 in Short Blades
  2790 | D:3      | Reached XP level 6. HP: 28/37 MP: 6/6
  2956 | D:3      | Noticed Natasha
  2966 | D:3      | Killed Natasha
  3044 | D:3      | Noticed Natasha
  3052 | D:3      | Slain by Natasha

Levels and vault maps discovered:
D:1:      nzn_arrival_crosshair, layout_basic, serial_glass, glass_columns_a,
          glass_columns_c
D:2:      layout_basic, trog_three_pillars_becter
D:3:      layout_basic, grunt_gozag_statues, uniq_natasha

Skill      XL: |  1  2  3  4  5 |
---------------+----------------+-----
Stealth        | 1 2 3 |  3.6
Dodging        | 4 |  4.8
Short Blades   | 5 6 |  6.3
Fighting       | 3 |  3.6
Throwing       | |  2.1

Action                   |  1- 3 |  4- 6 || total
-------------------------+-------+-------++-------
Melee: Rapier            |    46 |       ||    46
       Short sword       |    66 |   208 ||   274
 Stab: Sleeping          |     2 |     3 ||     5
  Eat: Chunk             |    10 |     5 ||    15
Armor: Leather armour    |    25 |    42 ||    67
Dodge: Dodged            |    96 |   200 ||   296

Table legend:
 A = Non-vault XP
 B = Vault XP
 C = Vault XP percentage of total XP
 D = Non-vault monster count
 E = Vault monster count
 F = Vault count percentage of total count
                 A         B        C        D         E       F
            +---------+---------+-------+---------+---------+-------
      Total |     348 |      35 |   9.1 |      82 |       1 |   1.2
            +---------+---------+-------+---------+---------+-------
        D:1 |      39 |       0 |   0.0 |      22 |       0 |   0.0
        D:2 |      70 |       0 |   0.0 |      24 |       0 |   0.0
        D:3 |     239 |      35 |  12.8 |      36 |       1 |   2.7
            +---------+---------+-------+---------+---------+-------
